 Dungeon Crawl Stone Soup version 0.24.1-11-gbbbb2193e6 (webtiles) character file.

Game seed: 9049242396368531732, levelgen mode: deterministic

488 Descartes the Chopper (level 7, 0/54 HPs)
             Began as a Formicid Fighter on May 15, 2020.
             Slain by an adder (2 damage)
             ... on level 3 of the Dungeon.
             The game lasted 00:06:35 (3256 turns).

Descartes the Chopper (Formicid Fighter)            Turns: 3256, Time: 00:06:37

Health: 0/54       AC:  8    Str: 22    XL:     7   Next: 36%
Magic:  7/7        EV: 10    Int:  7    God:
Gold:   89         SH: 10    Dex: 11    Spells: 6/6 levels left

rFire    . . .     SeeInvis +   a - +0 war axe
rCold    + . .     Gourm    .   c - +0 shield
rNeg     . . .     Faith    .   y - +2 ring mail {rC+}
rPois    .         Spirit   .   (helmet unavailable)
rElec    .         Reflect  .   (no cloak)
rCorr    .         Harm     .   (no gloves)
MR       .....                  (no boots)
Stlth    +.........             (no amulet)
HPRegen  0.18/turn              (no ring)
MPRegen  0.10/turn              (no ring)

@: no status effects
A: permanent stasis, dig shafts and tunnels, four strong arms, antennae 3
a: Dig, Shaft Self


You were on level 3 of the Dungeon.
You were not hungry.

You visited 1 branch of the dungeon, and saw 4 of its levels.

You collected 89 gold pieces.

Inventory:

Hand Weapons
 a - a +0 war axe (weapon)
Missiles
 g - 68 stones (quivered)
 h - 17 sling bullets
 l - 34 arrows
 q - 56 bolts
Armour
 b - a +0 scale mail
 c - a +0 shield (worn)
 y - a +2 ring mail of cold resistance (worn)
 A - a +0 leather armour of fire resistance
Wands
 i - a wand of random effects (3)
 s - a wand of clouds (4)
 w - a wand of acid (12)
Scrolls
 e - 2 scrolls of fog {unknown}
 n - 2 scrolls of identify {unknown}
 o - 2 scrolls of amnesia {unknown}
 p - 4 scrolls of teleportation {unknown}
 r - a scroll of enchant weapon {unknown}
 t - 3 scrolls of immolation {unknown}
 u - 3 scrolls of remove curse {unknown}
Potions
 d - a potion of might
 j - 2 potions of brilliance {unknown}
 k - 3 potions of flight {unknown}
 m - 3 potions of heal wounds {unknown}
 v - a potion of mutation {unknown}
 x - a potion of agility {unknown}
Comestibles
 f - 3 rations
 z - 3 chunks of flesh


   Skills:
 + Level 4.1 Fighting
 - Level 5.2 Axes
 + Level 4.6 Armour
 + Level 1.3 Dodging
 + Level 1.1 Stealth
 + Level 5.1 Shields


You had 6 spell levels left.
You didn't know any spells.
Your spell library was empty.

Dungeon Overview and Level Annotations

Branches:
Dungeon (4/15)
 Temple: D:4-7

Altars:
Fedhas

Annotations:
D:3 Edmund
D:4 Natasha


Innate Abilities, Weirdness & Mutations

You cannot be hasted, slowed, berserked, paralysed or teleported.
You can dig through walls and to a lower floor.
Your four strong arms can wield two-handed weapons with a shield.
You have a pair of large antennae on your head. (SInv)


Message History

* * * LOW HITPOINT WARNING * * *
The adder bites you but does no damage. You block the orc priest's attack.
Edmund hits you with a +4 dire flail of protection!
* * * LOW HITPOINT WARNING * * *
The orc closely misses you.
You closely miss the orc priest. You closely miss the adder.
You barely miss the orc. You hit Edmund but do no damage.
You block the adder's attack.
The orc priest hits you with a +0 hand axe.
* * * LOW HITPOINT WARNING * * *
The adder bites you.
* * * LOW HITPOINT WARNING * * *
You block Edmund's attack. The orc hits you but does no damage.
You closely miss the orc priest. You hit the adder. You hit the orc.
You kill the orc!
You hit Edmund. The adder barely misses you.
The orc priest hits you with a +0 hand axe.
* * * LOW HITPOINT WARNING * * *
You block Edmund's attack. The adder bites you.
You die...

## .# .#
############## .#
####....<.......# .#
#.........@)....# .#
#.##.......@o...# .#
#.##..รท...)S....# ##
#.##....[.......#
.#####.##............#
.......##............#
.#####################
.# .# .#


You could see Edmund, an orc priest and an adder.

Vanquished Creatures
  Sigmund (D:3)
  A hound (D:2)
  2 orc wizards (D:3)
  Ijyb (D:3)
  7 gnolls
  6 adders
  An ooze (D:2)
  2 worms
  3 dart slugs
  4 leopard geckos
  13 orcs
  2 giant cockroaches (D:1)
  5 goblins
  5 hobgoblins
  3 jackals (D:1)
  11 bats
  4 frilled lizards (D:1)
  6 kobolds
  11 rats
88 creatures vanquished.

Notes
Turn   | Place    | Note
-------+----------+-------------------------------------------
     0 | D:1      | Descartes the Formicid Fighter began the quest for the Orb.
     0 | D:1      | Reached XP level 1. HP: 18/18 MP: 1/1
    56 | D:1      | Reached XP level 2. HP: 24/24 MP: 2/2
   455 | D:1      | Reached XP level 3. HP: 29/29 MP: 3/3
   950 | D:2      | Found a blossoming altar of Fedhas.
   957 | D:2      | Reached XP level 4. HP: 31/36 MP: 4/4
  1206 | D:2      | Reached XP level 5. HP: 36/41 MP: 5/5
  2173 | D:3      | Reached XP level 6. HP: 47/48 MP: 6/6
  2457 | D:3      | Reached skill level 1 in Stealth
  2791 | D:3      | Noticed Sigmund
  2824 | D:3      | Killed Sigmund
  2824 | D:3      | Reached skill level 5 in Axes
  2824 | D:3      | Reached skill level 1 in Dodging
  2824 | D:3      | Reached skill level 5 in Shields
  2824 | D:3      | Reached XP level 7. HP: 36/54 MP: 7/7
  3063 | D:3      | Noticed Ijyb
  3077 | D:3      | Killed Ijyb
  3243 | D:4      | Noticed Edmund
  3250 | D:4      | Noticed Natasha
  3256 | D:3      | HP: 2/54 [orc priest/+0 hand axe (2)]
  3256 | D:3      | Slain by an adder

Levels and vault maps discovered:
D:1:      onia_arrival_larder, layout_basic, minmay_misc_feat_tiny
D:2:      layout_basic, first_ration, fedhas_altar_3
D:3:      layout_basic, uniq_ijyb, uniq_sigmund
D:4:      layout_rooms, minmay_temple_entry_statues_pillars,
          kennysheep_windowed_goal, uniq_blork_the_orc, uniq_pikel, uniq_edmund,
          uniq_natasha

Skill      XL: |  1  2  3  4  5  6 |
---------------+-------------------+-----
Axes           | 3 4 5 |  5.2
Shields        | 4 5 |  5.1
Armour         | 4 |  4.6
Stealth        | 1 |  1.1
Fighting       | 4 |  4.1
Dodging        | 1 |  1.3

Action                   |  1- 3 |  4- 6 |  7- 9 || total
-------------------------+-------+-------+-------++-------
Melee: War axe           |    95 |   156 |    14 ||   265
 Abil: Dig               |       |       |     1 ||     1
  Eat: Chunk             |       |     6 |     2 ||     8
Armor: Scale mail        |    50 |    52 |     2 ||   104
       Ring mail         |       |       |     6 ||     6
Dodge: Dodged            |    40 |    61 |     8 ||   109
Block: Shield            |    62 |   102 |    14 ||   178
